AoeStats
← eloycorsob

Black Forest

505949430Analyzed
4v4 RM · 22d ago on Sep 11, 2026· 14m 9s· 8 players
Game mode
Random Map
Map size
Large (8 player)
Population
200
Speed
Normal
Resources
Standard
Victory
Conquest
Starting age
Dark Age
Ending age
Imperial Age
RankedLock teamsTeams togetherTeam positionsShared explorationLock speedFull tech treeHidden civsTurbo modeCheats
Victory
Defeat
🇺🇸 Georgians · United States
606
+17
🇮🇳 Persians · India
599
+18
🇨🇿 Teutons · Czechia
561
+19
🇪🇸 Goths · Spain
535
+20
🇮🇹 Celts · Italy
699
-21
694
-21
🇧🇷 Khmer · Brazil
673
-27
🇦🇷 Bohemians · Argentina
466
-12
sandeepkumarsdsl
1:04 Loom
eloycorsob
2:37 Loom
Ajghoimer
0:49 Loom
Raidho
0:28 Loom
LOLLYCT 85
11:09 Feudal Age
Vaticano
10:51 Feudal Age
12:12 Wheelbarrow
11:32 Double-Bit Axe
HotshotBirch827
15:38 Feudal Age
𝙽𝚞𝚕𝚕_𝟷𝟶𝟷
0:49 Loom
Connection lost

Rejoining the realm…

Still unreachable

The connection could not be restored.

Session expired

The server has moved on; the page needs a fresh start.